 Dungeon Crawl Stone Soup version 0.23-a0-389-g4a5eb334b0 (webtiles) character file.

264827 PikkenKukken the Imperceptible (level 19, -2/108 HPs)
             Began as a Spriggan Warper on Oct 30, 2018.
             Was an Initiate of Gozag.
             Slain by a deep elf blademaster
             ... wielding a +0 quick blade
              (6 damage)
             ... on level 2 of the Elven Halls.
             The game lasted 06:20:29 (77928 turns).

PikkenKukken the Imperceptible (Spriggan Warper)   Turns: 77928, Time: 06:20:30

Health: -2/108     AC:  7    Str:  9    XL:     19   Next: 66%
Magic:  35/37      EV: 34    Int: 27    God:    Gozag
Gold:   4336       SH:  7    Dex: 17    Spells: 8/38 levels left

rFire    . . .     SeeInvis +   a - +4 rapier (elec)
rCold    + + +     Gourm    .   l - +0 buckler
rNeg     . . .     Faith    .   n - +1 robe "Viskod" {*Contam rF+ rC+ Str+7}
rPois    .         Spirit   .   o - +2 hat
rElec    .         Reflect  .   S - scarf {repulsion}
rCorr    .         Harm     .   (gloves unavailable)
MR       ++++.                  (boots unavailable)
Stlth    ++++++++..             s - amulet of rage
HPRegen  1.28/turn              T - ring "Weth" {Ice Int+2 Slay+5}
MPRegen  0.25/turn              k - ring of the Catamount {rC++ MR+ Str-5 Int+4}

@: confusing touch, regenerating, deflect missiles, very quick
A: very small, unfitting armour, iridescent scales 1, see invisible, herbivore,
speed 3, high mp 1, slow metabolism 2
}: 1/15 runes: gossamer
a: Potion Petition, Call Merchant, Bribe Branch, Renounce Religion, Evoke
Berserk Rage


You were on level 2 of the Elven Halls.
You worshipped Gozag.
Gozag was most pleased with you.
You were not hungry.

You visited 8 branches of the dungeon, and saw 35 of its levels.
You also visited: Ossuary, Bailey and Ice Cave.

You collected 15034 gold pieces.
You spent 6649 gold pieces at shops.
You paid 4049 gold pieces to Gozag.

Inventory:

Hand Weapons
 a - a +4 rapier of electrocution (weapon)
 b - a +2 fustibalus of flaming
Missiles
 G - 197 sling bullets
Armour
 l - a +0 buckler (worn)
 n - the +1 robe "Viskod" (worn) {*Contam rF+ rC+ Str+7}
   (You bought it in a shop on level 3 of the Lair of Beasts)

   It affects your strength (+7).
   It protects you from fire.
   It protects you from cold.
   It causes magical contamination when unequipped.
 o - a +2 hat (worn)
 w - a +2 robe of magic resistance
 S - a scarf of repulsion (worn)
Jewellery
 k - the ring of the Catamount (right hand) {rC++ MR+ Str-5 Int+4}
   (You bought it in a shop on level 12 of the Dungeon)

   [ring of protection from magic]

   It affects your strength (-5).
   It affects your intelligence (+4).
   It greatly protects you from cold.
   It affects your resistance to hostile enchantments.
 r - an uncursed ring of poison resistance
 s - an amulet of rage (around neck)
 M - a +6 ring of evasion
 T - the ring "Weth" (left hand) {Ice Int+2 Slay+5}
   (You bought it in a shop on level 12 of the Dungeon)

   [ring of ice]

   It enhances your ice magic.
   It affects your intelligence (+2).
   It affects your accuracy and damage with ranged weapons and melee attacks
   (+5).
   It makes you vulnerable to fire.
   It protects you from cold.
Wands
 e - a wand of scattershot (5)
 x - a wand of disintegration (39)
 N - a wand of acid (14)
 Q - a wand of iceblast (30)
 V - a wand of enslavement (25)
 X - a wand of paralysis (12)
Scrolls
 g - 15 scrolls of identify
 i - 4 scrolls of enchant weapon
 m - 15 scrolls of remove curse
 u - 4 scrolls of enchant armour
 z - 4 scrolls of fog
 A - 9 scrolls of teleportation
 J - 4 scrolls of magic mapping
 K - 3 scrolls of amnesia
 P - 3 scrolls of holy word
 U - 4 scrolls of blinking
 Y - 2 scrolls of vulnerability
 Z - 2 scrolls of fear
Potions
 c - 8 potions of curing
 d - 2 potions of might
 j - 5 potions of magic
 p - 3 potions of mutation
 q - 9 potions of haste
 t - 4 potions of berserk rage
 v - 5 potions of heal wounds
 B - a potion of ambrosia
 C - 6 potions of brilliance
 D - 3 potions of agility
 E - 2 potions of flight
 O - a potion of cancellation
 R - a potion of invisibility
Miscellaneous
 h - a lamp of fire
 H - 2 phantom mirrors
 I - a phial of floods
Comestibles
 f - 26 rations


   Skills:
 - Level 15.0 Fighting
 - Level 14.0 Short Blades
 - Level 4.8(5.0) Slings
 - Level 1.0(2.7) Throwing
 - Level 20.0 Dodging
 + Level 22.3 Stealth
 - Level 4.0 Shields
 - Level 10.0 Spellcasting
 + Level 11.3 Hexes
 - Level 15.0 Charms
 - Level 3.0 Summonings
 - Level 6.0 Translocations
 - Level 5.1 Air Magic
 - Level 3.0 Poison Magic
 - Level 5.1 Evocations


You had 8 spell levels left.
You knew the following spells:

 Your Spells              Type           Power        Failure   Level  Hunger
a - Blink                 Tloc           N/A          1%          2    None
b - Shroud of Golubria    Chrm/Tloc      ######....   1%          2    None
c - Passage of Golubria   Tloc           N/A          4%          4    None
d - Sting                 Conj/Pois      ###.         2%          1    None
e - Summon Lightning Spi  Summ/Air       #####...     10%         4    None
f - Lesser Beckoning      Tloc           #####.....   1%          3    None
g - Regeneration          Chrm/Necr      ######....   1%          3    None
h - Cause Fear            Hex            ######....   1%          4    None
i - Confusing Touch       Hex            ######       1%          1    None
j - Deflect Missiles      Chrm/Air       ######....   13%         6    #####..

Your spell library contained the following spells:

 Spells                   Type           Power        Failure   Level  Hunger
 Infusion                 Chrm           ####         0%          1    None
 Song of Slaying          Chrm           #######.     0%          2    None
 Summon Butterflies       Summ           ####....     1%          1    None
 Slow                     Hex            ######..     1%          2    None
 Swiftness                Chrm/Air       ######..     1%          2    None
 Confuse                  Hex            ######..     1%          3    None
 Gell's Gravitas          Tloc           #####.....   1%          3    None
 Spectral Weapon          Hex/Chrm       ######..     1%          3    None
 Teleport Other           Tloc           #####...     1%          3    None
 Call Imp                 Summ           ####....     2%          2    None
 Call Canine Familiar     Summ           ####....     4%          3    None
 Silence                  Hex/Air        ######....   4%          5    ####...
 Animate Skeleton         Necr           N/A          5%          1    None
 Magic Dart               Conj           ##..         5%          1    None
 Pain                     Necr           ##..         5%          1    None
 Mephitic Cloud           Conj/Pois/Air  ####....     5%          3    None
 Summon Mana Viper        Hex/Summ       ######..     8%          5    ####...
 Metabolic Englaciation   Hex/Ice        ######....   14%         5    ####...
 Yara's Violent Unravell  Hex/Tmut       #####.....   14%         5    ####...
 Conjure Flame            Conj/Fire      ##......     16%         3    None
 Vampiric Draining        Necr           ##........   16%         3    None
 Summon Ice Beast         Ice/Summ       ####....     28%         4    None
 Animate Dead             Necr           N/A          45%         4    None
 Ice Form                 Ice/Tmut       ###.....     45%         4    None
 Petrify                  Tmut/Erth      ##......     45%         4    None
 Discord                  Hex            ######....   97%         8    #######
 Freezing Cloud           Conj/Ice/Air   ####......   99%         6    #####..
 Bolt of Cold             Conj/Ice       ###.......   100%        6    #####..
 Ozocubu's Refrigeration  Ice            ###.......   100%        6    #####..
 Simulacrum               Ice/Necr       ###.......   100%        6    #####..
 Summon Hydra             Summ           ####......   100%        7    #######


Dungeon Overview and Level Annotations

Branches:
Dungeon (15/15)            Temple (1/1) D:7            Lair (6/6) D:11
 Shoals (2/4) Lair:3       Spider (4/4) Lair:3        Slime (0/5) Lair:6
    Orc (2/2) D:9             Elf (2/3) Orc:2        Vaults (3/5) D:14
  Crypt (0/3) Vaults:2     Depths (0/5) D:15

Altars:
Cheibriados
Dithmenos
Elyvilon
Fedhas
Gozag
Makhleb
Nemelex Xobeh
Okawaru
Ru
Wu Jian
Xom
Yredelemnul
Zin
The Shining One
Beogh

Shops:
D:4 *   D:8 [   D:11 !   D:12 =   D:14 *:(=   Orc:1 [   Orc:2 [::[   Elf:1 ==
Lair:3 *   Shoals:1 *(   Vaults:1 *?[(*   Vaults:2 (   Vaults:3 [

Annotations:
D:5 2 runed doors, twirl's ghost, novice MiBe
D:8 Harold
D:11 3 runed doors, Azzok's ghost, journeyman MiBe; Mesh's ghost, journeyman SpEn
D:13 Rupert
Lair:2 exclusion: 5 oklob plants
Lair:3 2 transporters, Guahish's ghost, journeyman GrEE
Lair:6 exclusion: 2 oklob plants
Orc:1 2 runed doors, exclusion: orange crystal statue


Innate Abilities, Weirdness & Mutations

You are very small and have problems with some larger weapons.
You are too small for most types of armour.
You have supernaturally acute eyesight. (SInv)
You are a herbivore.
You cover ground extremely quickly.
You need to consume almost no food.
You are partially covered in iridescent scales. (AC +2)
You have an increased reservoir of magic. (+10% MP)


Message History

You block the deep elf blademaster's attack.
You hit the deep elf blademaster but do no damage.
The deep elf blademaster hits you with a +0 quick blade! x2
You hit the deep elf blademaster but do no damage.
The deep elf blademaster hits you with a +0 quick blade!
The deep elf blademaster misses you.
You hit the deep elf blademaster but do no damage.
The deep elf blademaster hits you with a +0 quick blade!
The deep elf blademaster hits you with a +0 quick blade!!
* * * LOW HITPOINT WARNING * * *
You completely miss the deep elf blademaster.
The deep elf blademaster hits you with a +0 quick blade!!
* * * LOW HITPOINT WARNING * * *
The deep elf blademaster misses you.
You completely miss the deep elf blademaster.
The deep elf blademaster hits you with a +0 quick blade!
* * * LOW HITPOINT WARNING * * *
The deep elf blademaster hits you with a +0 quick blade.
You die...
Your body crumbles into a pile of gold.

.....)##.(.#..#..#...# #.# #.#
...e.####.#..###..#.## #.# #.#
......##.#..e#.#...#.# #.# #.#
.....####.#.......#.## #.# #.#
(...## #########.#### #.# #.#
#...## #.## #.# #.# #.#
##...###.<## #.# #.# #.#
##...##...## #e# #.# #.#
##...###....# #@# #.# #.# #...##
#....####.#######.####[### ....##
#(.[.'...."...............
.....###....######.#####.###.####
......##....# #.# #.# #.#
.....###....# #.# #.# #.# ....##
#[..## #.# #.# #.# ....## #..##
#.# #.# #.# .....####'# #.# #.#
#.#


You could see a deep elf blademaster.

Vanquished Creatures
  Asterion (Spider:2)
  A lich (Vaults:3)
  A sphinx (Vaults:3)
  2 fire giants
  2 deep elf sorcerers
  6 ghost moths
  5 emperor scorpions
  A frost giant (IceCv)
  4 vault wardens
  6 ironheart preservers
  5 stone giants
  2 entropy weavers (Lair:3)
  A deep elf demonologist (Elf:1)
  Azrael (Elf:1)
  2 deep elf death magi (Elf:1)
  3 spark wasps
  An ettin (D:9)
  A merfolk javelineer (Shoals:1)
  A fire dragon (Vaults:3)
  7 yaktaur captains
  2 rakshasas
  A merfolk impaler (Shoals:1)
  3 hydras
  3 vault guards
  A great orb of eyes (Vaults:1)
  2 catoblepae
  A merfolk aquamancer (Shoals:1)
  12 ogre magi
  A merfolk avatar (Shoals:1)
  3 centaur warriors
  49 two-headed ogres
  A death knight (Vaults:2)
  2 deep troll shamans
  An alligator snapping turtle (Lair:3)
  6 death yaks
  A queen ant (Lair:3)
  An orc high priest (Vaults:1)
  A vampire mage (Vaults:2)
  A hell knight (Vaults:1)
  Sonja (Lair:4)
  13 deep elf knights
  A skeletal warrior (Vaults:2)
  A fire crab (Lair:3)
  2 unseen horrors
  9 deep trolls
  5 deep elf archers
  3 sea snakes (Shoals:1)
  2 wizards
  A flayed ghost (D:14)
  A glowing orange brain (Vaults:3)
  A lindwurm (shapeshifter) (Vaults:2)
  A lindwurm (Lair:6)
  4 ironbrand convokers
  A phantasmal warrior (Vaults:2)
  11 orb spiders
  A wolf spider zombie (D:15)
  Pikel (D:7)
  6 harpies (Shoals:1)
  2 oklob plants (Lair:2)
  11 fauns (Shoals:1)
  43 deep elf magi
  4 manticores
  7 orc knights
  23 wolf spiders
  12 ugly things
  An orc sorcerer (Elf:1)
  4 cyclopes
  2 necromancers
  2 moths of wrath
  10 elephants
  9 merfolk sirens
  2 naga magi (D:15)
  An ice statue (IceCv)
  2 water nymphs (Shoals:1)
  5 vault sentinels
  A black mamba (Lair:6)
  2 gargoyles
  9 spiny frogs
  3 torpor snails
  5 komodo dragons
  A komodo dragon (shapeshifter) (Vaults:2)
  2 freezing wraiths (Vaults:2)
  A yaktaur (shapeshifter) (Vaults:3)
  An efreet (D:15)
  10 demonic crawlers
  2 rime drakes
  31 yaktaurs
  14 tyrant leeches
  9 trolls
  17 merfolk
  2 wind drakes (Shoals:1)
  40 jumping spiders
  15 polar bears
  10 hornets
  8 blink frogs
  9 hippogriffs
  21 slime creatures
  A human simulacrum (Vaults:3)
  A snapping turtle (Lair:3)
  A redback (shapeshifter) (Vaults:3)
  59 redbacks
  4 shadows
  3 vampires
  27 tarantellas
  9 water elementals
  An air elemental (Elf:2)
  45 yaks
  A wraith (D:13)
  4 wyverns
  4 humans (D:10)
  Grum (D:11)
  5 basilisks
  A basilisk (shapeshifter) (Vaults:1)
  10 fire elementals
  A yaktaur simulacrum (Vaults:1)
  4 hungry ghosts
  2 swamp worms
  4 wargs
  3 acid dragons
  27 soldier ants
  10 water moccasins
  4 hell hounds (Elf:1)
  A floating eye (Lair:2)
  10 porcupines
  26 orc warriors
  4 sky beasts
  Duvessa (D:5)
  3 ice beasts
  3 phantoms
  9 boggarts
  An eye of draining (shapeshifter) (Vaults:3)
  A black bear (shapeshifter) (Vaults:3)
  2 eyes of draining
  3 necrophages
  37 wolves
  45 ogres
  A black bear (D:6)
  11 centaurs
  5 big kobolds
  An elf zombie (Ossuary)
  11 crocodiles
  11 bullfrogs
  A wyvern zombie (D:6)
  3 earth elementals
  Dowan (D:5)
  A wyvern skeleton (D:6)
  A troll zombie (D:9)
  3 scorpions
  An elf simulacrum (Vaults:3)
  19 killer bees
  5 electric eels
  5 wights (D:15)
  6 howler monkeys
  9 crimson imps
  4 jellies
  14 hounds
  2 bullfrog zombies
  3 centaur zombies
  2 bullfrog skeletons
  22 orc priests
  8 centaur skeletons
  A human zombie (Ossuary)
  24 orc wizards
  21 worker ants
  3 iguanas
  A big kobold zombie (Ossuary)
  5 ogre zombies (D:9)
  A hound zombie (D:10)
  A hound skeleton (D:10)
  3 mummies
  2 worker ant zombies
  5 gnolls
  10 adders
  3 shadow imps
  An ooze (D:6)
  2 adder zombies
  2 worms (D:2)
  2 dart slugs
  12 leopard geckos
  75 orcs
  A ball python (D:3)
  8 bats
  A giant cockroach (D:3)
  9 hobgoblins
  5 quokkas
  3 frilled lizards
  11 goblins
  2 goblin zombies
  A hobgoblin skeleton (D:9)
  8 hobgoblin zombies
  A jackal zombie (Ossuary)
  24 kobolds
  15 kobold zombies
  4 orc skeletons (D:9)
  20 orc zombies
  10 rats
  A rat zombie (Ossuary)
  2 plants (Lair:2)
1391 creatures vanquished.

Vanquished Creatures (collateral kills)
  A spiny frog (Lair:1)
  2 redbacks
  A tarantella (Spider:2)
  A water moccasin (Lair:2)
5 creatures vanquished.

Vanquished Creatures (others)
  23 dancing weapons
  An orb spider (Spider:4)
  A slave (D:8)
  A killer bee (D:12)
  2 bushes (Lair:3)
  24 fungi
  20 plants
  2 spectral weapons
  9 tentacles (Shoals:1)
  4 withered plants (D:11)
87 creatures vanquished.

Grand Total: 1483 creatures vanquished

Notes
Turn   | Place    | Note
-------+----------+-------------------------------------------
     0 | D:1      | PikkenKukken the Spriggan Warper began the quest for the
                  | Orb.
     0 | D:1      | Reached XP level 1. HP: 10/10 MP: 5/5
    13 | D:1      | Reached skill level 1 in Stealth
   164 | D:1      | Reached XP level 2. HP: 15/15 MP: 6/6
   168 | D:1      | Learned a level 2 spell: Blink
   171 | D:1      | Learned a level 2 spell: Shroud of Golubria
   478 | D:1      | Found a sparkling altar of Nemelex Xobeh.
   812 | D:1      | Reached skill level 2 in Stealth
  1097 | D:1      | Reached XP level 3. HP: 18/18 MP: 8/8
  2125 | D:2      | Reached XP level 4. HP: 23/23 MP: 6/9
  2134 | D:2      | Found a burning altar of Makhleb.
  2153 | D:2      | Reached skill level 1 in Slings
  2153 | D:2      | Reached skill level 3 in Stealth
  3363 | D:2      | Reached XP level 5. HP: 21/26 MP: 9/11
  4169 | D:2      | Reached skill level 4 in Stealth
  4326 | D:3      | Found an iron altar of Okawaru.
  4646 | D:4      | Noticed an ogre
  4699 | D:4      | Found Zaotiamyu's Assorted Antiques.
  5236 | D:4      | Reached XP level 6. HP: 15/32 MP: 10/12
  5499 | D:4      | Reached skill level 5 in Stealth
  5691 | D:5      | Entered Level 5 of the Dungeon
  5691 | D:5      | Noticed Dowan
  5694 | D:5      | Noticed Duvessa
  5895 | D:5      | Noticed a two-headed ogre
  6103 | D:5      | Noticed a sky beast
  6156 | D:5      | Reached skill level 5 in Dodging
  6722 | D:5      | Found an iron altar of Okawaru.
  6768 | D:5      | Noticed twirl's ghost (novice MiBe)
  6832 | D:5      | Found a large runed door.
  6833 | D:5      | Found a large runed door.
  6966 | D:4      | Reached skill level 6 in Stealth
  6966 | D:4      | Reached XP level 7. HP: 17/35 MP: 9/14
  7535 | D:4      | Killed a two-headed ogre
  7535 | D:4      | Reached skill level 8 in Stealth
  7535 | D:4      | Reached skill level 5 in Translocations
  7535 | D:4      | Reached XP level 8. HP: 40/40 MP: 15/15
  8793 | D:6      | Found a sand-covered staircase.
  8807 | Ossuary  | Entered an ossuary
  9053 | Ossuary  | Reached skill level 5 in Short Blades
  9558 | Ossuary  | Reached skill level 9 in Stealth
 10258 | Ossuary  | Gained mutation: You have an increased reservoir of magic.
                  | (+10% MP) [potion of mutation]
 10258 | Ossuary  | Gained mutation: You are partially covered in iridescent
                  | scales. (AC +2) [potion of mutation]
 10761 | D:6      | Reached skill level 10 in Stealth
 10896 | D:6      | Reached XP level 9. HP: 43/44 MP: 15/17
 11486 | D:6      | Reached skill level 11 in Stealth
 13254 | D:7      | Found a staircase to the Ecumenical Temple.
 13263 | Temple   | Entered the Ecumenical Temple
 13276 | Temple   | Became a worshipper of Gozag Ym Sagoz the Greedy
 13466 | D:8      | Found Wimovai's Armour Shop.
 13483 | D:8      | Noticed Harold
 13485 | D:8      | Reached skill level 5 in Spellcasting
 13747 | D:8      | Learned a level 4 spell: Passage of Golubria
 13748 | D:8      | Noticed a two-headed ogre
 14179 | D:4      | Bought an embroidered robe for 96 gold pieces
 14179 | D:4      | Bought a dented beryl amulet for 130 gold pieces
 14455 | D:7      | Reached skill level 1 in Evocations
 14681 | D:8      | Reached skill level 12 in Stealth
 15238 | D:8      | Noticed Pikel
 15467 | D:7      | Killed Pikel
 15950 | D:7      | Reached XP level 10. HP: 26/49 MP: 22/22
 16261 | D:4      | Bought a scroll of identify for 52 gold pieces
 16261 | D:4      | Bought a blackened cabochon amulet for 130 gold pieces
 16446 | D:7      | Killed a two-headed ogre
 17740 | D:9      | Reached skill level 13 in Stealth
 17740 | D:9      | Reached skill level 5 in Evocations
 17868 | D:9      | Found a staircase to the Orcish Mines.
 19352 | D:4      | Bought a droning book for 390 gold pieces
 19354 | D:4      | Learned a level 1 spell: Sting
 19359 | D:4      | Learned a level 4 spell: Summon Lightning Spire
 19442 | D:9      | Found a basalt altar of Yredelemnul.
 19443 | D:9      | Found a glowing golden altar of the Shining One.
 19443 | D:9      | Found an ornate altar of the Wu Jian Council.
 19444 | D:9      | Found a shadowy altar of Dithmenos.
 19591 | D:9      | Noticed a two-headed ogre
 19884 | D:8      | Killed a two-headed ogre
 19884 | D:8      | Reached skill level 1 in Air Magic
 19884 | D:8      | Reached skill level 1 in Poison Magic
 20187 | D:10     | Entered Level 10 of the Dungeon
 20271 | D:10     | Reached skill level 14 in Stealth
 20385 | D:10     | Found a shadowy altar of Dithmenos.
 20606 | D:10     | Found a flagged portal.
 20615 | Bailey   | Entered a bailey
 20663 | D:10     | Noticed a gargoyle
 20715 | Orc:1    | Entered Level 1 of the Orcish Mines
 20715 | Orc:1    | Noticed a two-headed ogre
 21359 | D:7      | Killed a two-headed ogre
 21359 | D:7      | Reached skill level 5 in Fighting
 22148 | D:8      | Reached XP level 11. HP: 55/55 MP: 23/23
 22431 | D:9      | Learned a level 3 spell: Lesser Beckoning
 23925 | Orc:1    | Found Xeacriuc's Armour Shop.
 24187 | Orc:1    | Found a runed door.
 24228 | Orc:1    | Found a roughly hewn altar of Beogh.
 24476 | D:10     | Noticed a two-headed ogre
 24618 | D:9      | Killed a two-headed ogre
 25197 | D:10     | Reached skill level 15 in Stealth
 26405 | D:11     | Found Xievejan's Distillery.
 26413 | D:11     | Bought a potion of heal wounds for 60 gold pieces
 26413 | D:11     | Bought 2 potions of curing for 72 gold pieces
 26413 | D:11     | Bought a potion of heal wounds for 60 gold pieces
 26446 | D:11     | Learned a level 3 spell: Regeneration
 26450 | D:11     | Learned a level 3 spell: Spectral Weapon
 26554 | D:11     | Reached skill level 1 in Charms
 26554 | D:11     | Reached skill level 5 in Air Magic
 26555 | D:11     | HP: 1/58 [iguana (10)]
 27015 | D:11     | Found a runed gate.
 27015 | D:11     | Found a runed gate.
 27015 | D:11     | Found a runed gate.
 27015 | D:11     | Noticed Azzok's ghost (journeyman MiBe)
 27018 | D:11     | Noticed Mesh's ghost (journeyman SpEn)
 27067 | D:11     | Noticed Grum
 28159 | D:5      | Killed Duvessa
 28164 | D:5      | Killed Dowan
 28177 | D:5      | Bought a ration for 60 gold pieces
 28177 | D:5      | Bought a ration for 60 gold pieces
 28177 | D:5      | Bought a ration for 60 gold pieces
 28177 | D:5      | Bought a ration for 60 gold pieces
 29033 | Orc:1    | Found the +10 large shield of Ignorance {rN+ Int-4}
 29046 | Orc:1    | Found a runed door.
 29051 | Orc:1    | Noticed an orange crystal statue
 29052 | Orc:1    | Noticed a stone giant
 29171 | D:11     | Found a staircase to the Lair.
 29458 | Lair:1   | Entered Level 1 of the Lair of Beasts
 29603 | D:11     | Reached skill level 5 in Charms
 29866 | D:11     | Killed Grum
 30233 | Lair:1   | Reached XP level 12. HP: 59/63 MP: 20/24
 31384 | Lair:1   | Noticed a four-headed hydra
 31387 | Lair:1   | Killed a four-headed hydra
 32595 | Lair:2   | Identified a scroll of acquirement
 32598 | Lair:2   | Got a crystal demon trident
 32599 | Lair:2   | Identified the +10 demon trident of the Blind Eye {flame,
                  | rF+ rC+} (You acquired it on level 2 of the Lair of Beasts)
 34194 | Lair:3   | Found a hole to the Spider Nest.
 34321 | Lair:3   | Noticed a five-headed hydra
 34322 | Lair:3   | Found a transporter.
 34322 | Lair:3   | Noticed Guahish's ghost (journeyman GrEE)
 34393 | Lair:2   | Reached skill level 10 in Dodging
 34549 | Lair:3   | Found a transporter.
 34834 | Lair:3   | Found a staircase to the Shoals.
 35025 | Lair:4   | Noticed an entropy weaver
 35449 | Lair:3   | Reached XP level 13. HP: 13/70 MP: 28/28
 36378 | Lair:4   | Noticed Sonja
 36381 | Lair:4   | Killed Sonja
 36778 | Lair:4   | Reached skill level 10 in Fighting
 37226 | Lair:4   | Noticed an entropy weaver
 37470 | Lair:3   | Killed an entropy weaver
 37648 | Lair:4   | Found a glowing golden altar of the Shining One.
 38775 | Lair:3   | Killed an entropy weaver
 39670 | D:5      | Bought a ration for 60 gold pieces
 39670 | D:5      | Bought a ration for 60 gold pieces
 39670 | D:5      | Bought a ration for 60 gold pieces
 39670 | D:5      | Bought a ration for 60 gold pieces
 39670 | D:5      | Bought a ration for 60 gold pieces
 39670 | D:5      | Bought a ration for 60 gold pieces
 40023 | Orc:2    | Entered Level 2 of the Orcish Mines
 40031 | Orc:2    | Noticed an ettin
 40169 | D:9      | Killed an ettin
 40169 | D:9      | Reached skill level 16 in Stealth
 40631 | Orc:1    | Reached skill level 10 in Short Blades
 42221 | Orc:1    | Reached skill level 10 in Charms
 42509 | Orc:1    | Reached skill level 17 in Stealth
 42597 | Orc:2    | Found Hiexut's Book Emporium.
 42597 | Orc:2    | Found Timarusch's Antique Armour Shop.
 42598 | Orc:2    | Found Garef's Antique Armour Boutique.
 42598 | Orc:2    | Found Xojeji Legu's Book Emporium.
 42680 | Orc:1    | Reached XP level 14. HP: 77/77 MP: 29/29
 43058 | Orc:2    | Bought a book of Misfortune for 300 gold pieces
 43060 | Orc:2    | Learned a level 1 spell: Confusing Touch
 43061 | Orc:2    | Bought an embroidered scarf for 224 gold pieces
 43264 | Orc:2    | Reached skill level 1 in Hexes
 43435 | Orc:2    | Found a staircase to the Elven Halls.
 43655 | D:9      | Killed a stone giant
 43875 | Lair:6   | Entered Level 6 of the Lair of Beasts
 44047 | Lair:6   | Found a white marble altar of Elyvilon.
 44961 | Lair:6   | Reached skill level 18 in Stealth
 45870 | Lair:5   | Reached skill level 5 in Hexes
 46121 | Lair:6   | Found a staircase to the Slime Pits.
 46937 | D:12     | Bought the ring "Weth" {Ice Int+2 Slay+5} for 800 gold
                  | pieces
 47935 | D:13     | Found a frozen archway.
 47949 | IceCv    | Entered an ice cave
 47982 | IceCv    | Reached XP level 15. HP: 64/80 MP: 27/30
 48262 | IceCv    | Reached skill level 19 in Stealth
 48694 | IceCv    | Noticed a frost giant
 48714 | IceCv    | Killed a frost giant
 49133 | D:13     | Noticed Rupert
 49848 | Spider:1 | Entered Level 1 of the Spider Nest
 50461 | Lair:3   | Bought a slimy robe for 205 gold pieces
 50461 | Lair:3   | Bought a coral ring for 180 gold pieces
 50461 | Lair:3   | Identified the +1 robe "Viskod" {*Contam rF+ rC+ Str+7}
                  | (You bought it in a shop on level 3 of the Lair of Beasts)
 51467 | Spider:2 | Noticed Asterion
 52813 | Spider:2 | Reached skill level 20 in Stealth
 53203 | Spider:2 | Noticed an Executioner
 53246 | Shoals:1 | Entered Level 1 of the Shoals
 53356 | Lair:3   | Reached skill level 15 in Charms
 53433 | Lair:3   | Learned a level 4 spell: Cause Fear
 53440 | Lair:3   | Learned a level 6 spell: Deflect Missiles
 53661 | Lair:3   | Bought a scroll of identify for 72 gold pieces
 53818 | Shoals:1 | Found Inischyn's Weapon Boutique.
 53896 | Shoals:1 | Noticed a kraken
 54415 | Shoals:1 | Reached XP level 16. HP: 87/87 MP: 25/31
 54768 | Shoals:1 | Bought a wand of iceblast (10) for 224 gold pieces
 54768 | Shoals:1 | Bought a potion of curing for 48 gold pieces
 54768 | Shoals:1 | Bought a potion of curing for 48 gold pieces
 54768 | Shoals:1 | Bought a ration for 80 gold pieces
 54768 | Shoals:1 | Bought a ration for 80 gold pieces
 54768 | Shoals:1 | Bought a scroll of blinking for 120 gold pieces
 56495 | D:14     | Found Ade Addo's Weapon Shoppe.
 56511 | D:14     | Found Qoom's Jewellery Emporium.
 56517 | D:14     | Reached skill level 15 in Dodging
 56598 | D:14     | Found Quinan's Book Shop.
 57129 | D:14     | Found Vilitef's Assorted Antiques.
 57132 | D:14     | Bought a wand of iceblast (2) for 96 gold pieces
 57132 | D:14     | Bought a scroll of teleportation for 72 gold pieces
 57132 | D:14     | Bought 2 potions of haste for 480 gold pieces
 57132 | D:14     | Bought a scroll of identify for 48 gold pieces
 57132 | D:14     | Bought a buckler for 108 gold pieces
 57132 | D:14     | Bought a thick beryl amulet for 120 gold pieces
 57363 | D:14     | Found a shadowy altar of Dithmenos.
 57437 | D:14     | Found a gate to the Vaults.
 57635 | D:15     | Entered Level 15 of the Dungeon
 57674 | D:15     | Reached skill level 1 in Shields
 57745 | D:15     | Found a blossoming altar of Fedhas.
 58652 | D:15     | Found a staircase to the Depths.
 59247 | Spider:2 | Killed Asterion
 61853 | Spider:2 | Reached XP level 17. HP: 94/94 MP: 32/32
 62601 | Spider:4 | Entered Level 4 of the Spider Nest
 65538 | Spider:4 | Got a gossamer rune of Zot
 65839 | Vaults:1 | Entered Level 1 of the Vaults
 65923 | Vaults:1 | Found Rirphit's General Store.
 65950 | Vaults:1 | Bought a scroll of identify for 40 gold pieces
 66130 | Vaults:1 | Found Ykkirphya's Armour Emporium.
 66316 | Vaults:1 | Found Novug's Magic Scroll Emporium.
 66325 | Vaults:1 | Bought a scroll of teleportation for 60 gold pieces
 66325 | Vaults:1 | Bought a scroll of teleportation for 60 gold pieces
 66325 | Vaults:1 | Bought a scroll of magic mapping for 70 gold pieces
 66325 | Vaults:1 | Bought a scroll of blinking for 150 gold pieces
 67223 | Vaults:1 | Found Zamm's Food Boutique.
 67226 | Vaults:1 | Bought a ration for 60 gold pieces
 67226 | Vaults:1 | Bought a ration for 60 gold pieces
 67226 | Vaults:1 | Bought a ration for 60 gold pieces
 67226 | Vaults:1 | Bought a ration for 60 gold pieces
 67226 | Vaults:1 | Bought a ration for 60 gold pieces
 67226 | Vaults:1 | Bought a ration for 60 gold pieces
 67226 | Vaults:1 | Bought a ration for 60 gold pieces
 67226 | Vaults:1 | Bought a ration for 60 gold pieces
 67656 | Vaults:1 | HP: 4/95 [yaktaur captain (18)]
 67988 | Vaults:1 | Bought a runed rapier for 147 gold pieces
 67988 | Vaults:1 | Bought a potion of brilliance for 84 gold pieces
 68563 | Vaults:1 | Found Joqokaj's Weapon Shoppe.
 69109 | Vaults:1 | Reached XP level 18. HP: 101/101 MP: 28/34
 70772 | Vaults:2 | Found Baun's Weapon Shop.
 70815 | Vaults:2 | Found a staircase to the Crypt.
 72325 | Vaults:3 | Found Yroad's Antique Armour Boutique.
 72372 | Vaults:3 | HP: 2/102 [yaktaur captain/bolt (46)]
 72783 | Vaults:2 | Reached skill level 15 in Fighting
 73700 | Vaults:3 | Reached skill level 10 in Spellcasting
 73874 | Vaults:3 | Reached XP level 19. HP: 102/108 MP: 29/37
 74265 | D:12     | Bought the ring of the Catamount {rC++ MR+ Str-5 Int+4} for
                  | 663 gold pieces
 74416 | Elf:1    | Entered Level 1 of the Elven Halls
 74483 | Elf:1    | Found Inolibil's Jewellery Emporium.
 74555 | Elf:1    | Reached skill level 21 in Stealth
 74577 | Elf:1    | Reached skill level 1 in Summonings
 74689 | Elf:1    | Found Hitaewon's Jewellery Shoppe.
 75337 | Elf:1    | Noticed Azrael
 75434 | Elf:1    | Killed Azrael
 75850 | Elf:2    | Reached skill level 10 in Hexes
 76302 | Elf:2    | Found a runed gate.
 76302 | Elf:2    | Found a runed gate.
 76304 | Elf:2    | Found a runed gate.
 76528 | Elf:2    | Identified the cursed +0 robe of Zahap {Regen+} (You found
                  | it on level 2 of the Elven Halls)
 76764 | Elf:2    | Reached skill level 22 in Stealth
 77928 | Elf:2    | HP: 4/108 [deep elf blademaster/+0 quick blade (8)]
 77928 | Elf:2    | Slain by a deep elf blademaster

Vault maps used:
D:1:      dpeg_arrival_boxes_within_box, nemelex_xobeh_ov_fountains_minmay
D:2:      makhleb_blood_cavern_becter
D:3:      first_ration, okawaru_altar_gauntlet_db
D:4:      serial_shops, shop
D:5:      kennysheep_mini, ebering_ghost_disaster_area, minmay_hedge_maze,
          uniq_duvessa
D:6:      nicolae_ossuary_entry_giza
D:7:      lemuel_temple_firewalk_b
D:8:      serial_shops, nicolae_shop_crystal, blue_anna_alchemist, uniq_harold,
          uniq_pikel
D:9:      chequers_temple_overflow_statue_of_worship, zombieorc1_lemuel
D:10:     enter_bailey_2, basic_altar, minmay_ruffians
D:11:     erik_lair_island, gammafunk_ghost_cemetery, lab_entry_generic,
          serial_shops, nicolae_shop_trees, eino_jars, uniq_grum
D:13:     portal_ice_cave_entry_pillars_2, uniq_rupert
D:14:     david_vaults_5, nicolae_dithmenos_shadow_blocks, serial_shops,
          nicolae_shop_behind_doors, nicolae_shop_competitors_out_of_business,
          shop_fountains, shop, serial_glass, glass_columns_a, glass_columns_c
D:15:     grunt_enter_depths_magical_seal, fedhas_altar_2, minmay_misc_feat_rows
Temple:   nicolae_temple_elliptical
Lair:1:   hangedman_lair_generics_rect, lemuel_fruit_fields,
          infiniplex_staircase_pool_2
Lair:2:   statuecave_lemuel, disabler_island, grunt_megastairs_4,
          minmay_lair_oklob_chamber
Lair:3:   elwin_shoals_entry_stream, spider_nest_entry_a, gammafunk_ghost_arena
Lair:4:   basic_altar, minivault_29, uniq_sonja
Lair:6:   grunt_lair_end_beastmaster, minmay_slime_entry_oklob_enclosed,
          basic_altar
Shoals:1: serial_shops, nicolae_shop_behind_doors
Shoals:2: nicolae_shoals_isolated_beach
Spider:2: nicolae_spider_mines_3, uniq_asterion
Spider:3: worms_lemuel
Spider:4: spider_rune_water
Orc:1:    basic_altar, serial_shops, shop, chequers_guarded_unrand_ignorance
Orc:2:    st_orc_ogre_mass, nicolae_orc_lava_room
Elf:1:    eino_elf_arrival_sip, serial_shops, shop, shop,
          minmay_elf_crystal_heptagon, grunt_ministairs_7, minivault_24,
          grunt_megastairs_1, uniq_azrael
Elf:2:    serial_sigils_hangedman_scar
Vaults:1: v_misc_26, v_misc_25, v_misc_4, grunt_vaults_bifocal,
          vaults_mumra_lcd, nicolae_vaults_specimen_jars, special_room_vaults,
          serial_shops, shop, shop_coins, nicolae_shop_behind_doors, shop, shop
Vaults:2: grunt_vaults_hallway_short, nicolae_vaults_network_barrier,
          vaults_room_octagon, vaults_room_large_hall, v_misc_22,
          nicolae_vaults_little_squares_1, hangedman_vaults_snaps,
          nicolae_vaults_little_ls, grunt_vaults_hallway_short,
          minmay_crypt_entry_simple_box, serial_shops, shop
Vaults:3: grunt_vaults_trifunnel, v_pattern_3, hangedman_vaults_stagger,
          dpeg_vaults_monster_box, grunt_vaults_focal,
          nicolae_vaults_little_squares_2, vaults_mumra_minichess, v_misc_9,
          ontoclasm_vaults_decontamination, vaults_room_hallway,
          nicolae_vaults_gold_heap, serial_shops, nicolae_shop_statue_plus
Ossuary:  ossuary_tomb_1
Bailey:   bailey_polearm_flooded_kennysheep, bailey
IceCv:    ice_cave_caverns_03

Skill      XL: |  1  2  3  4  5  6  7  8  9 10 11 12 13 14 15 16 17 18 19 |
---------------+----------------------------------------------------------+-----
Stealth        | 1 2 3 4 6 8 10 12 14 15 17 18 20 22 | 22.3
Spellcasting   | 3 4 6 8 10 | 10.0
Dodging        | 4 5 6 7 8 11 12 13 16 19 20 | 20.0
Fighting       | 2 3 5 7 9 10 11 12 13 15 | 15.0
Slings         | 1 2 4 |  4.8
Short Blades   | 3 4 5 7 8 10 12 14 | 14.0
Translocations | 5 6 |  6.0
Evocations     | 3 5 |  5.1
Air Magic      | 2 5 |  5.1
Poison Magic   | 2 3 |  3.0
Charms         | 6 8 10 13 15 | 15.0
Hexes          | 6 8 11 | 11.3
Shields        | 4 |  4.0
Summonings     | 3 |  3.0
Throwing       | |  1.0

Action                   |  1- 3 |  4- 6 |  7- 9 | 10-12 | 13-15 | 16-18 | 19-21 || total
-------------------------+-------+-------+-------+-------+-------+-------+-------++-------
Melee: Short sword       |   150 |   217 |   902 |   555 |       |       |       ||  1824
       Long sword        |       |       |       |   400 |       |       |       ||   400
       Dagger            |       |       |       |   315 |  1713 |  1573 |       ||  3601
       Demon trident     |       |       |       |   166 |   484 |       |       ||   650
       Rapier            |       |       |       |       |       |   873 |   508 ||  1381
 Fire: Hunting sling     |    86 |   188 |   441 |   312 |       |     4 |       ||  1031
       Fustibalus        |       |       |       |       |       |    10 |       ||    10
Throw: Tomahawk          |     1 |       |       |       |       |       |       ||     1
 Cast: Shroud of Golubri |    12 |    27 |    43 |    91 |    80 |   184 |    35 ||   472
       Blink             |       |       |     2 |    21 |     9 |    17 |     2 ||    51
       Sting             |       |       |       |   160 |    31 |       |       ||   191
       Lesser Beckoning  |       |       |       |    15 |    39 |    81 |    11 ||   146
       Regeneration      |       |       |       |    35 |    98 |   157 |    27 ||   317
       Spectral Weapon   |       |       |       |     3 |     4 |       |       ||     7
       Passage of Golubr |       |       |       |     2 |     1 |     7 |       ||    10
       Summon Lightning  |       |       |       |     2 |     2 |       |     2 ||     6
       Confusing Touch   |       |       |       |       |   286 |   462 |    63 ||   811
       Cause Fear        |       |       |       |       |     1 |    12 |       ||    13
       Deflect Missiles  |       |       |       |       |     1 |     4 |     1 ||     6
Invok: Call Merchant     |       |       |       |     1 |     2 |     2 |       ||     5
 Abil: Evoke Berserk Rag |       |       |     3 |     6 |       |       |     2 ||    11
       Evoke Flight      |       |       |     1 |       |       |       |       ||     1
Evoke: Wand              |       |       |       |    25 |     8 |    19 |     2 ||    54
  Use: Scroll            |     5 |     2 |     7 |    12 |    12 |     9 |     3 ||    50
       Potion            |       |     3 |     4 |     5 |     9 |     5 |       ||    26
 Stab: Sleeping          |     1 |       |    11 |    45 |    27 |    58 |    35 ||   177
       Distracted        |       |       |       |    10 |    16 |    15 |     4 ||    45
       Confused          |       |       |       |       |   215 |   342 |    48 ||   605
  Eat: Ration            |       |     3 |     7 |    17 |    15 |    18 |     4 ||    64
Armor: Robe              |    19 |    23 |    87 |   146 |   133 |    90 |    11 ||   509
       Skin              |       |       |    12 |       |       |       |       ||    12
Dodge: Dodged            |   144 |   204 |   722 |  1246 |  1568 |  1335 |   165 ||  5384
       Deflected         |       |       |       |       |    14 |    45 |     4 ||    63
Block: Buckler           |       |       |       |       |       |   227 |    55 ||   282
       Rpst.: Long sword |       |       |       |   154 |       |       |       ||   154

Table legend:
 A = Non-vault XP
 B = Vault XP
 C = Vault XP percentage of total XP
 D = Non-vault monster count
 E = Vault monster count
 F = Vault count percentage of total count
                 A         B        C        D         E       F
            +---------+---------+-------+---------+---------+-------
      Total |  264441 |  177628 |  40.2 |     913 |     505 |  35.6
            +---------+---------+-------+---------+---------+-------
        D:1 |      81 |       0 |   0.0 |      34 |       0 |   0.0
        D:2 |      83 |      75 |  47.5 |      23 |       4 |  14.8
        D:3 |      88 |       6 |   6.4 |      10 |       3 |  23.1
        D:4 |    1255 |       0 |   0.0 |       9 |       0 |   0.0
        D:5 |     378 |     216 |  36.4 |      10 |       2 |  16.7
        D:6 |    1487 |      20 |   1.3 |      18 |       3 |  14.3
        D:7 |    2870 |     607 |  17.5 |      19 |       1 |   5.0
        D:8 |    1567 |     100 |   6.0 |      23 |       1 |   4.2
        D:9 |    5758 |     734 |  11.3 |      47 |      29 |  38.2
       D:10 |    2618 |    1092 |  29.4 |      28 |       9 |  24.3
       D:11 |    3127 |    1423 |  31.3 |      25 |      13 |  34.2
       D:12 |    7131 |     110 |   1.5 |      38 |       1 |   2.6
       D:13 |    4554 |       0 |   0.0 |      20 |       0 |   0.0
       D:14 |   10257 |    2059 |  16.7 |      40 |       3 |   7.0
       D:15 |   11110 |    4004 |  26.5 |      33 |       8 |  19.5
     Lair:1 |    3654 |    1108 |  23.3 |      17 |       6 |  26.1
     Lair:2 |    3930 |    1894 |  32.5 |      24 |       8 |  25.0
     Lair:3 |    8897 |    6747 |  43.1 |      27 |      20 |  42.6
     Lair:4 |    2529 |    3781 |  59.9 |       9 |      31 |  77.5
     Lair:5 |    2644 |     864 |  24.6 |       8 |       1 |  11.1
     Lair:6 |    6255 |    8429 |  57.4 |      25 |      17 |  40.5
   Shoals:1 |   23958 |    1863 |   7.2 |      49 |       5 |   9.3
   Shoals:2 |     772 |     458 |  37.2 |       2 |       1 |  33.3
   Spider:1 |   13048 |     713 |   5.2 |      45 |       3 |   6.2
   Spider:2 |   11865 |    7960 |  40.2 |      33 |      23 |  41.1
   Spider:3 |   15691 |    4240 |  21.3 |      32 |      14 |  30.4
   Spider:4 |    6240 |   18666 |  74.9 |      22 |      35 |  61.4
      Orc:1 |    2625 |   12013 |  82.1 |      32 |      22 |  40.7
      Orc:2 |    1425 |    9755 |  87.3 |      21 |      23 |  52.3
      Elf:1 |   13920 |   16696 |  54.5 |      24 |      30 |  55.6
      Elf:2 |   14274 |   18806 |  56.9 |      25 |      24 |  49.0
   Vaults:1 |   27522 |    8781 |  24.2 |      44 |      33 |  42.9
   Vaults:2 |   21526 |    9691 |  31.0 |      43 |      13 |  23.2
   Vaults:3 |   31302 |   22863 |  42.2 |      54 |      34 |  38.6
    Ossuary |       0 |     325 | 100.0 |       0 |      39 | 100.0
      IceCv |       0 |   11529 | 100.0 |       0 |      46 | 100.0
            +---------+---------+-------+---------+---------+-------
